 Dungeon Crawl Stone Soup version 0.27.1-3-gb3d3a73c9e (webtiles) character file.

Game seed: 1327865029224874734

165 klutch the Covered (level 5, -3/47 HPs)
             Began as a Minotaur Fighter on Oct 29, 2021.
             Slain by a sky beast (6 damage)
             ... on level 3 of the Dungeon.
             The game lasted 00:20:54 (2700 turns).

klutch the Covered (Minotaur Fighter)               Turns: 2700, Time: 00:20:55

Health: -3/47      AC:  8    Str: 22    XL:     5   Next: 21%
Magic:  4/4        EV:  7    Int:  5    God:
Gold:   118        SH:  9    Dex:  9    Spells: 4/4 levels left

rFire    . . .     SeeInvis .   t - +3 mace
rCold    . . .     Faith    .   c - +0 kite shield
rNeg     . . .     Spirit   .   b - +1 scale mail
rPois    .         Reflect  .   (helmet restricted)
rElec    .         Harm     .   (no cloak)
rCorr    .         Rampage  .   (no gloves)
Will     +....                  (no boots)
Stlth    ..........             (no amulet)
HPRegen  0.15/turn              f - ring of willpower
MPRegen  0.09/turn              n - ring of flight

@: mighty, flying
A: horns 2, retaliatory headbutt
a: no special abilities


You were on level 3 of the Dungeon.
You visited 1 branch of the dungeon, and saw 4 of its levels.

You collected 118 gold pieces.

Inventory:

Hand Weapons
 a - a +0 flail
 s - a +0 hand crossbow
 t - a +3 mace (weapon)
Missiles
 h - 42 poisoned darts (quivered)
Armour
 b - a +1 scale mail (worn)
 c - a +0 kite shield (worn)
 j - a +0 scale mail
Jewellery
 f - a ring of willpower (left hand)
 l - a ring of positive energy
 n - a ring of flight (right hand)
Scrolls
 e - a scroll of immolation
 g - a scroll of identify
 m - a scroll of amnesia
 p - a scroll of summoning
 q - a scroll of fear
 r - a scroll of noise
Potions
 i - a potion of degeneration
 k - 2 potions of attraction
 o - 2 potions of curing
 u - 2 potions of ambrosia {unknown}
 v - a potion of cancellation {unknown}


   Skills:
 + Level 4.3 Fighting
 * Level 4.4 Maces & Flails
 + Level 1.6 Throwing
 + Level 4.4 Armour
 + Level 4.3 Shields


You had 4 spell levels left.
You didn't know any spells.
Your spell library contained the following spells:

 Spells                   Type           Power      Damage    Failure   Level
 Borgnjor's Revivificati  Necr           0%         N/A       100%        8
 Necromutation            Tmut/Necr      0%         N/A       100%        8
 Death's Door             Necr           0%         N/A       100%        9


Dungeon Overview and Level Annotations

Branches:
Dungeon (4/15)
 Temple: D:4-7

Altars:
Cheibriados


Innate Abilities, Weirdness & Mutations

You have a pair of horns on your head.
You reflexively headbutt those who attack you in melee.


Message History

The sky beast is lightly wounded.
The sky beast hits you. The sky beast shocks you.
The sky beast hits you but does no damage.
You hit the sky beast but do no damage.
The sky beast is lightly wounded.
The sky beast hits you but does no damage.
You barely miss the sky beast. Your headbutt misses the sky beast.
The sky beast is lightly wounded.
The sky beast flickers out of sight!
Deactivating autopickup; reactivate with Ctrl-A.
Something hits you but does no damage.
You closely miss something.
Something hits you but does no damage. x2
You hit something. You headbutt something. Something hits you.
Something shocks you.
You miss something.
Something hits you but does no damage. x2
You feel very mighty all of a sudden. Something hits you. Something shocks you.
You hit something. Your headbutt misses something. Something hits you.
Something shocks you.
* * * LOW HITPOINT WARNING * * *
A sky beast appears from thin air!
Reactivating autopickup.
You thump the sky beast!
The sky beast is almost dead.
The sky beast hits you but does no damage.
You closely miss the sky beast.
The sky beast is almost dead.
The sky beast flickers out of sight!
Deactivating autopickup; reactivate with Ctrl-A.
Something hits you but does no damage. x2
You closely miss something. Something hits you but does no damage.
You miss something. Something hits you.
* * * LOW HITPOINT WARNING * * *
Something shocks you.
* * * LOW HITPOINT WARNING * * *
Your shield prevents you from hitting something.
Something hits you.
* * * LOW HITPOINT WARNING * * *
Something shocks you.
You die...

...###.........#
##.#..#..##### ...#
##...##########..##...##
#.. ...# ##...#
##....###..## #..
...###..#.######..######..#
#.. ####....#......#.##
#.##..# ###
###..##..........# #.##..#
....###..........# #..#..#
...## #.[.....>..# ##.#..#
.).# #........{@#####.#..#
...#
#.............##)#..####
...#
#.<........##.##.#.....#
...#
##........###.##.......#
...#
#..........##..........#
...#
#..........#######...>.#
...# #..........# #.....#
#### #..........# #.....#
#..........# #######


There were no monsters in sight!

Vanquished Creatures
  An orc priest (D:3)
  2 orc wizards (D:3)
  2 adders (D:2)
  A worm (D:3)
  A dart slug (D:2)
  8 orcs (D:3)
  6 endoplasms
  3 giant cockroaches
  3 goblins
  7 hobgoblins
  2 kobolds
  A quokka (D:1)
  3 ball pythons (D:1)
  2 bats (D:3)
  11 frilled lizards
  3 rats
56 creatures vanquished.

Vanquished Creatures (others)
  7 plants (D:1)
7 creatures vanquished.

Grand Total: 63 creatures vanquished

Notes
Turn   | Place    | Note
-------+----------+-------------------------------------------
     0 | D:1      | klutch the Minotaur Fighter began the quest for the Orb.
     0 | D:1      | Reached XP level 1. HP: 19/19 MP: 0/0
   186 | D:1      | Reached XP level 2. HP: 25/27 MP: 1/1
  1066 | D:2      | Reached XP level 3. HP: 31/33 MP: 2/2
  1124 | D:2      | Found a faded altar of an unknown god.
  1397 | D:2      | Reached skill level 1 in Throwing
  2022 | D:3      | Reached XP level 4. HP: 25/40 MP: 3/3
  2473 | D:3      | Reached XP level 5. HP: 44/47 MP: 4/4
  2576 | D:3      | Found a snail-covered altar of Cheibriados.
  2681 | D:4      | Noticed a sky beast
  2700 | D:3      | Slain by a sky beast

Illustrated notes

Levels and vault maps discovered:
D:1:      lightli_arrival_chessboard, layout_loops_corners, minmay_lizard_king
D:2:      layout_basic, hellmonk_ecumenical_altar_blasted, nrook_mini_backslash
D:3:      layout_rooms, cheibrodos_worm_habitat
D:4:      layout_rooms, lightli_temple_of_fire,
          mainiacjoe_overflow_small_starburst, nicolae_qazlal_scattered_showers,
          old_standard_altar

Skill      XL: |  1  2  3  4 |
---------------+-------------+-----
Maces & Flails | 3 4 |  4.4
Armour         | 4 |  4.4
Shields        | 4 |  4.3
Fighting       | 4 |  4.3
Throwing       | 1 |  1.6

Action                   |  1- 3 |  4- 6 || total
-------------------------+-------+-------++-------
Melee: Flail             |    89 |    13 ||   102
       Headbutt          |    11 |     6 ||    17
       Mace              |       |    37 ||    37
Throw: Dart              |    34 |    35 ||    69
  Use: Scroll            |     6 |       ||     6
       Potion            |     3 |     2 ||     5
Armor: Scale mail        |    26 |    23 ||    49
Dodge: Dodged            |    19 |     4 ||    23
Block: Kite shield       |    31 |    18 ||    49
